% Time on Ice - SAN JOSE BRONCOS
Lines # - Real PCT - Wanted PCT - Time Play
Normal Forward
1 - 35% - 35% - 15:06
2 - 27% - 30% - 11:24
3 - 22% - 20% - 9:29
4 - 16% - 15% - 7:00
Normal Defense
1 - 36% - 36% - 15:36
2 - 29% - 31% - 12:19
3 - 24% - 23% - 10:29
4 - 11% - 10% - 4:35
PP Forward
1 - 53% - 55% - 3:49
2 - 47% - 45% - 3:20
PP Defense
1 - 54% - 55% - 3:53
2 - 46% - 45% - 3:16
PK Forward
1 - 62% - 55% - 4:35
2 - 38% - 45% - 2:49
PK Defense
1 - 47% - 55% - 3:29
2 - 53% - 45% - 3:55
PK3 Forward
1 - 0% - 55%
2 - 0% - 45%
PK3 Defense
1 - 0% - 50%
2 - 0% - 50%
44 Forward
1 - 48% - 50% - 0:57
2 - 52% - 50% - 1:02
44 Defense
1 - 84% - 50% - 1:40
2 - 16% - 50% - 0:19
Last Minute Offensive  - 0:29
Last Minute Defensive  - 0:00
Total
Forward - 60:00
Defense - 60:00
% Time on Ice - PHOENIX MUSTANGS
Lines # - Real PCT - Wanted PCT - Time Play
Normal Forward
1 - 37% - 37% - 15:44
2 - 30% - 31% - 12:48
3 - 26% - 25% - 11:03
4 - 8% - 7% - 3:24
Normal Defense
1 - 34% - 36% - 14:33
2 - 35% - 31% - 15:04
3 - 26% - 23% - 11:06
4 - 5% - 10% - 2:16
PP Forward
1 - 56% - 55% - 4:08
2 - 44% - 45% - 3:16
PP Defense
1 - 45% - 55% - 3:19
2 - 55% - 45% - 4:05
PK Forward
1 - 59% - 55% - 4:14
2 - 41% - 45% - 2:55
PK Defense
1 - 39% - 55% - 2:48
2 - 61% - 45% - 4:21
PK3 Forward
1 - 0% - 55%
2 - 0% - 45%
PK3 Defense
1 - 0% - 55%
2 - 0% - 45%
44 Forward
1 - 60% - 55% - 1:11
2 - 40% - 45% - 0:48
44 Defense
1 - 41% - 55% - 0:49
2 - 59% - 45% - 1:10
Last Minute Offensive  - 0:00
Last Minute Defensive  - 0:29
Total
Forward - 60:00
Defense - 60:00
Play-by-Play 1st period 0:01 of 1st period - Nicklas Backstrom wins face-off versus Evgeni Malkin in neutral zone. 0:23 of 1st period - Shot by Evgeni Malkin. 0:23 of 1st period - Stopped by Corey Crawford without a rebound. 0:24 of 1st period - Brayden Point wins face-off versus Kevin Hayes in PHOENIX MUSTANGS zone. 0:25 of 1st period - Shot by Zach Parise. 0:25 of 1st period - Stopped by Corey Crawford with a rebound. 0:33 of 1st period - Alexander Steen is hit by Brayden Point and loses puck. 0:46 of 1st period - Neal Pionk is hit by Alexander Steen and loses puck. 1:11 of 1st period - Shot by Kevin Hayes. 1:11 of 1st period - Stopped by Jacob Markstrom without a rebound. 1:12 of 1st period - Jeff Carter wins face-off versus Mikko Koivu in SAN JOSE BRONCOS zone. 1:34 of 1st period - Shot by Jeff Carter. 1:34 of 1st period - Stopped by Jacob Markstrom without a rebound. 1:35 of 1st period - Nick Bonino wins face-off versus Nicklas Backstrom in SAN JOSE BRONCOS zone. 2:07 of 1st period - Shot by Teuvo Teravainen. 2:07 of 1st period - Shot Misses the Net. 2:09 of 1st period - Shot by Nicklas Backstrom. 2:09 of 1st period - Stopped by Jacob Markstrom with a rebound. 2:11 of 1st period - Shot by Michael Del Zotto. 2:11 of 1st period - Stopped by Jacob Markstrom without a rebound. 2:12 of 1st period - Evgeni Malkin wins face-off versus Jeff Carter in SAN JOSE BRONCOS zone. 2:41 of 1st period - Jeff Carter is hit by Evgeni Malkin and loses puck. 3:11 of 1st period - Shot by Tomas Hyka. 3:11 of 1st period - Shot Blocked by Adam Pelech. 3:24 of 1st period - Evgeni Malkin is hit by Justin Faulk and loses puck. 3:30 of 1st period - Icing by Tomas Hyka. 3:31 of 1st period - Justin Kloos wins face-off versus Mikko Koivu in PHOENIX MUSTANGS zone. 3:57 of 1st period - Icing by Anthony Beauvillier. 3:58 of 1st period - Mikko Koivu wins face-off versus Kevin Hayes in SAN JOSE BRONCOS zone. 3:58 of 1st period - Mikko Koivu is hit by Phil Kessel. 4:05 of 1st period - Colton Sissons is hit by Michael Del Zotto and loses puck. 5:07 of 1st period - Shot by Nicklas Backstrom. 5:07 of 1st period - Stopped by Jacob Markstrom with a rebound. 6:02 of 1st period - Kevin Labanc is hit by Marco Scandella and loses puck. 6:22 of 1st period - Jesper Fast is hit by Marco Scandella and loses puck. 6:41 of 1st period - Kevin Labanc is hit by Evgeni Malkin and loses puck. 7:18 of 1st period - Alexander Steen is hit by Carter Rowney and loses puck. 7:48 of 1st period - Icing by Phil Kessel. 7:49 of 1st period - Kevin Hayes wins face-off versus Brayden Point in PHOENIX MUSTANGS zone. 8:08 of 1st period - Shot by Brayden Point. 8:08 of 1st period - Stopped by Corey Crawford without a rebound. 8:09 of 1st period - Mikko Koivu wins face-off versus Nicklas Backstrom in PHOENIX MUSTANGS zone. 8:26 of 1st period - Shot by Anthony Beauvillier. 8:26 of 1st period - Stopped by Corey Crawford without a rebound. 8:27 of 1st period - Brayden Point wins face-off versus Jeff Carter in PHOENIX MUSTANGS zone. 9:09 of 1st period - Shot by Zach Parise. 9:09 of 1st period - Stopped by Corey Crawford without a rebound. 9:10 of 1st period - Evgeni Malkin wins face-off versus Nicklas Backstrom in PHOENIX MUSTANGS zone. 9:10 of 1st period - Evgeni Malkin is hit by Jake Gardiner. 9:21 of 1st period - Alexander Radulov is hit by Jake Gardiner and loses puck. 9:32 of 1st period - Shot by Evgeni Malkin. 9:32 of 1st period - Stopped by Corey Crawford without a rebound. 9:33 of 1st period - Nick Bonino wins face-off versus Kevin Hayes in PHOENIX MUSTANGS zone. 9:34 of 1st period - Shot by Jordan Weal. 9:34 of 1st period - Stopped by Corey Crawford with a rebound. 9:56 of 1st period - Icing by Brady Skjei. 9:57 of 1st period - Nicklas Backstrom wins face-off versus Nick Bonino in SAN JOSE BRONCOS zone. 10:30 of 1st period - Shot by T.J. Oshie. 10:30 of 1st period - Stopped by Jacob Markstrom without a rebound. 10:31 of 1st period - Kevin Hayes wins face-off versus Brayden Point in SAN JOSE BRONCOS zone. 10:44 of 1st period - Shot by Kevin Hayes. 10:44 of 1st period - Shot Misses the Net. 11:07 of 1st period - Shot by Phil Kessel. 11:07 of 1st period - Goal by Phil Kessel - SAN JOSE BRONCOS : 0 - PHOENIX MUSTANGS : 1. 11:08 of 1st period - Nicklas Backstrom wins face-off versus Evgeni Malkin in neutral zone. 11:36 of 1st period - Icing by Adam Pelech. 11:37 of 1st period - Jeff Carter wins face-off versus Evgeni Malkin in SAN JOSE BRONCOS zone. 12:46 of 1st period - Shot by Anthony Beauvillier. 12:46 of 1st period - Stopped by Corey Crawford without a rebound. 12:47 of 1st period - Brayden Point wins face-off versus Nicklas Backstrom in PHOENIX MUSTANGS zone. 12:59 of 1st period - Zach Parise is hit by Dennis Cholowski. 13:03 of 1st period - Shot by Brayden Point. 13:03 of 1st period - Stopped by Corey Crawford without a rebound. 13:04 of 1st period - Kevin Hayes wins face-off versus Nick Bonino in PHOENIX MUSTANGS zone. 13:10 of 1st period - Shot by Jaccob Slavin. 13:10 of 1st period - Deflect By Nick Bonino. 13:10 of 1st period - Shot Misses the Net. 13:12 of 1st period - Shot by Nick Bonino. 13:12 of 1st period - Stopped by Corey Crawford without a rebound. 13:13 of 1st period - Brayden Point wins face-off versus Nicklas Backstrom in PHOENIX MUSTANGS zone. 13:13 of 1st period - Oliver Bjorkstrand is hit by Fredrik Claesson and loses puck. 13:41 of 1st period - Off-side. 13:42 of 1st period - Evgeni Malkin wins face-off versus Kevin Hayes in neutral zone. 13:45 of 1st period - Shot by Evgeni Malkin. 13:45 of 1st period - Deflect By Dustin Brown. 13:45 of 1st period - Stopped by Corey Crawford with a rebound. 14:30 of 1st period - Minor Penalty to Dustin Brown for Hooking. 14:31 of 1st period - Nicklas Backstrom wins face-off versus Mikko Koivu in SAN JOSE BRONCOS zone. 14:48 of 1st period - Shot by Nicklas Backstrom. 14:48 of 1st period - Stopped by Jacob Markstrom without a rebound. 14:49 of 1st period - Nicklas Backstrom wins face-off versus Mikko Koivu in SAN JOSE BRONCOS zone. 15:19 of 1st period - Icing by Erik Karlsson. 15:20 of 1st period - Nick Bonino wins face-off versus Nicklas Backstrom in PHOENIX MUSTANGS zone. 15:57 of 1st period - Shot by Kevin Hayes. 15:57 of 1st period - Goal by Kevin Hayes - SAN JOSE BRONCOS : 0 - PHOENIX MUSTANGS : 2. 15:58 of 1st period - Brayden Point wins face-off versus Justin Kloos in neutral zone. 16:11 of 1st period - Shot by Zach Parise. 16:11 of 1st period - Stopped by Corey Crawford with a rebound. 16:13 of 1st period - Shot by Zach Parise. 16:13 of 1st period - Shot Misses the Net. 16:17 of 1st period - Shot by Brayden Point. 16:17 of 1st period - Stopped by Corey Crawford without a rebound. 16:18 of 1st period - Mikko Koivu wins face-off versus Alexander Steen in PHOENIX MUSTANGS zone. 16:23 of 1st period - Shot by Colton Sissons. 16:23 of 1st period - Stopped by Corey Crawford with a rebound. 16:25 of 1st period - Shot by Mikko Koivu. 16:25 of 1st period - Shot Misses the Net. 16:47 of 1st period - Shot by Anthony Beauvillier. 16:47 of 1st period - Deflect By Mikko Koivu. 16:47 of 1st period - Shot Misses the Net. 16:49 of 1st period - Shot by Jaccob Slavin. 16:49 of 1st period - Stopped by Corey Crawford without a rebound. 16:50 of 1st period - Nicklas Backstrom wins face-off versus Evgeni Malkin in PHOENIX MUSTANGS zone. 17:13 of 1st period - Shot by Alexander Radulov. 17:13 of 1st period - Shot Misses the Net. 17:25 of 1st period - Shot by Dustin Brown. 17:25 of 1st period - Stopped by Corey Crawford without a rebound. 17:26 of 1st period - Kevin Labanc wins face-off versus Brayden Point in PHOENIX MUSTANGS zone. 17:37 of 1st period - Shot by Brayden Point. 17:37 of 1st period - Stopped by Corey Crawford without a rebound. 17:38 of 1st period - Mikko Koivu wins face-off versus Kevin Hayes in PHOENIX MUSTANGS zone. 17:38 of 1st period - Mikko Koivu is hit by Justin Faulk. 17:42 of 1st period - Shot by Mikko Koivu. 17:42 of 1st period - Deflect By Anthony Beauvillier. 17:42 of 1st period - Stopped by Corey Crawford without a rebound. 17:43 of 1st period - Nicklas Backstrom wins face-off versus Brayden Point in PHOENIX MUSTANGS zone. 18:06 of 1st period - Shot by T.J. Oshie. 18:06 of 1st period - Stopped by Jacob Markstrom without a rebound. 18:07 of 1st period - Jeff Carter wins face-off versus Evgeni Malkin in SAN JOSE BRONCOS zone. 18:36 of 1st period - Shot by Evgeni Malkin. 18:36 of 1st period - Stopped by Corey Crawford with a rebound. 18:38 of 1st period - Shot by Alexander Radulov. 18:38 of 1st period - Stopped by Corey Crawford without a rebound. 18:39 of 1st period - Nicklas Backstrom wins face-off versus Oliver Bjorkstrand in PHOENIX MUSTANGS zone. 18:39 of 1st period - Nicklas Backstrom is hit by Oliver Bjorkstrand. 19:14 of 1st period - Shot by Zach Parise. 19:14 of 1st period - Goal by Zach Parise - SAN JOSE BRONCOS : 1 - PHOENIX MUSTANGS : 2. 19:15 of 1st period - Kevin Hayes wins face-off versus Anthony Beauvillier in neutral zone. 19:15 of 1st period - Kevin Hayes is hit by Colton Sissons. 19:23 of 1st period - Shot by Kevin Hayes. 19:23 of 1st period - Shot Misses the Net. 19:25 of 1st period - Shot by Alexander Steen. 19:25 of 1st period - Stopped by Jacob Markstrom without a rebound. 19:26 of 1st period - Evgeni Malkin wins face-off versus Andrew Ladd in SAN JOSE BRONCOS zone. Goals for this period are 1 for SAN JOSE BRONCOS vs 2 for PHOENIX MUSTANGS. Shots for this period are 21 for SAN JOSE BRONCOS vs 11 for PHOENIX MUSTANGS. 2nd period 0:01 of 2nd period - Jordan Weal wins face-off versus Nicklas Backstrom in neutral zone. 0:16 of 2nd period - Shot by Teuvo Teravainen. 0:16 of 2nd period - Deflect By Nicklas Backstrom. 0:16 of 2nd period - Stopped by Jacob Markstrom with a rebound. 0:17 of 2nd period - Minor Penalty to T.J. Oshi